 Dungeon Crawl Stone Soup version 0.29-a0-92-gee772dd00f (webtiles) character file.

Game seed: 6392695992797335185

12259 drugrobin the Spear-Bearer (level 11, -2/91 HPs)
             Began as a Demigod Warper on Feb 10, 2022.
             Slain by a cyclops (22 damage)
             ... on level 1 of the Orcish Mines.
             The game lasted 00:46:30 (17267 turns).

drugrobin the Spear-Bearer (Demigod Warper)        Turns: 17267, Time: 00:46:30

Health: -2/91      AC:  5    Str: 30    XL:     11   Next: 34%
Magic:  17/17      EV: 17    Int: 15    God:
Gold:   1039       SH:  0    Dex: 19    Spells: 2/13 levels left

rFire   . . .      SeeInvis .   v - +1 halberd (venom)
rCold   . . .      Faith    .   (shield currently unavailable)
rNeg    . . .      Spirit   .   (no armour)
rPois   .          Reflect  .   e - +2 helmet of a sewer {Str+6}
rElec   .          Harm     .   (no cloak)
rCorr   .          Rampage  .   (no gloves)
Will    +....                   l - +1 pair of boots
Stlth   ++........              (no amulet)
HPRegen 0.25/turn               u - +6 ring of dexterity
MPRegen 0.15/turn               D - +4 ring of evasion

@: about to teleport
A: high MP 1, forlorn, divine attributes
a: no special abilities


You were on level 1 of the Orcish Mines.
You visited 2 branches of the dungeon, and saw 11 of its levels.
You also visited: Sewer and Bailey.

You collected 1039 gold pieces.

Inventory:

Hand Weapons
 a - a +7 trident
 b - a +0 hunting sling
 v - a +1 halberd of venom (weapon)
Missiles
 d - 5 boomerangs of dispersal
 o - 3 throwing nets
 t - 21 sling bullets
 E - 7 poisoned darts
 P - 3 curare-tipped darts
 S - 2 silver boomerangs
 T - 4 boomerangs (quivered)
Armour
 e - the +2 helmet of a sewer (worn) {Str+6}
   (You found it on level 3 of the Dungeon)

   Str:       It affects your strength (+6).
 l - a +1 pair of boots (worn)
Jewellery
 u - a +6 ring of dexterity (left hand)
 z - a ring of willpower
 D - a +4 ring of evasion (right hand)
Wands
 x - a wand of iceblast (4)
 F - a wand of flame (11)
Scrolls
 i - 6 scrolls of teleportation
 j - a scroll of fear {unknown}
 m - 3 scrolls of enchant weapon
 n - a scroll of holy word {unknown}
 p - 5 scrolls of vulnerability
 r - a scroll of silence {unknown}
 y - a scroll of amnesia {unknown}
 C - a scroll of summoning {unknown}
 I - a scroll of noise {unknown}
 K - a scroll of enchant armour {unknown}
 O - a scroll of magic mapping
 Q - a scroll of brand weapon {unknown}
 R - 2 scrolls of identify
Potions
 c - a potion of ambrosia
 f - a potion of mutation {unknown}
 h - 2 potions of haste
 k - 2 potions of lignification {unknown}
 q - 7 potions of curing
 w - 2 potions of brilliance
 A - 2 potions of might
 B - a potion of invisibility
 G - 3 potions of heal wounds
 J - a potion of degeneration {unknown}
 L - a potion of attraction {unknown}
 M - a potion of flight {unknown}
 N - 2 potions of magic {unknown}


   Skills:
 + Level 6.9 Fighting
 - Level 14.0 Polearms
 - Level 0.8 Throwing
 - Level 0.8 Armour
 + Level 3.3 Dodging
 - Level 1.7 Spellcasting
 + Level 7.1 Translocations


You had 2 spell levels left.
You knew the following spells:

 Your Spells              Type           Power      Damage    Failure   Level
a - Blink                 Tloc           44%        N/A       1%          2
b - Teleport Other        Tloc           22%        N/A       3%          3
c - Wereblood             Tmut           1%         N/A       34%         2
d - Gell's Gravitas       Tloc           22%        N/A       3%          3
q - Apportation           Tloc           44%        N/A       1%          1

Your spell library contained the following spells:

 Spells                   Type           Power      Damage    Failure   Level
 Beastly Appendage        Tmut           2%         N/A       22%         1
 Lesser Beckoning         Tloc           22%        N/A       3%          3
 Manifold Assault         Tloc           22%        N/A       32%         5
 Confusing Touch          Hex            1%         N/A       56%         3
 Frozen Ramparts          Ice            2%         1d2       56%         3
 Ozocubu's Armour         Ice            1%         N/A       56%         3
 Spider Form              Tmut/Pois      1%         N/A       56%         3
 Dispersal                Tloc           11%        N/A       88%         6
 Ice Form                 Ice/Tmut       1%         N/A       92%         4
 Summon Ice Beast         Ice/Summ       1%         N/A       92%         4
 Alistair's Intoxication  Tmut/Pois      0%         N/A       99%         5
 Yara's Violent Unravell  Hex/Tmut       0%         3d3       99%         5
 Enfeeble                 Hex            0%         N/A       100%        7
 Ozocubu's Refrigeration  Ice            0%         4d5       100%        7


Dungeon Overview and Level Annotations

Branches:
Dungeon (9/15)             Temple (0/1) D:4             Orc (2/2) D:9
    Elf (0/3) Orc:2         Sewer (visited)          Bailey (visited)
   Lair: D:8-11


Innate Abilities, Weirdness & Mutations

You have an increased reservoir of magic. (+10% MP)
You shall have no god before yourself.
Your divine heritage dramatically boosts your attributes as you level up.


Message History

An orc high priest comes into view. It is wielding a +0 trident.
The orc wizard moves out of view.
An orc sorcerer comes into view.
It is wielding a +0 dagger and wearing a +2 robe of positive energy.
The orc sorcerer moves out of view.
The orc knight roars a battlecry!
The orc knight looks more healthy.
The orc knight roars a battlecry!
The orc high priest goes into a battle-frenzy!
There is a stone staircase leading up here.
Aiming: Iceblast
Press: ? - help, Shift-Dir - straight line, f - orc knight
Aim: an orc knight, wielding a +3 vorpal long sword and wearing a +0 plate armour (severely wounded)
The mass of ice explodes!
The iceblast engulfs the orc knight!
The orc knight is almost dead.
The orc high priest mumbles some strange prayers to Beogh.
Unknown command.
Unknown command.
Unknown command.
Aiming: Iceblast
Press: ? - help, Shift-Dir - straight line, f/p - orc knight
Aim: an orc knight, wielding a +3 vorpal long sword and wearing a +0 plate armour (almost dead)
The mass of ice explodes!
The iceblast engulfs the orc knight!
You kill the orc knight!
The orc high priest no longer looks unusually strong.
The sixfirhy hits you. The sixfirhy shocks you!
Unknown command.
Unknown command.
You climb upwards.
The orc misses you.
The orc hits you from afar with a +4 trident!
* * * LOW HITPOINT WARNING * * *
The orc priest looks satisfied for a moment.
The orc hits you with a +0 hand axe.
* * * LOW HITPOINT WARNING * * *
There is a stone staircase leading down, spattered with blood here.
As you read the scroll of teleportation, it crumbles to dust.
You feel strangely unstable.
The orc hits you from afar with a +4 trident.
* * * LOW HITPOINT WARNING * * *
The cyclops hits you!!
You die...

...... $....#.
##.......
##.o...... .#.
##........#
....#.....o....
.....o.oC......
......o@.......
....#..........
. .............
....#..........
.o. ..........#
.. ............
. ..#$#....##.#
#.######.## ##


You could see a cyclops, 3 orc priests, an orc wizard and 2 orcs.

Vanquished Creatures
  2 vault guards (Bailey)
  A two-headed ogre (D:6)
  2 orc knights (Orc:2)
  An orc sorcerer (Orc:2)
  Psyche (D:9)
  Joseph (D:7)
  Prince Ribbit (Bailey)
  5 yaks (D:8)
  Eustachio (D:6)
  A human (Bailey)
  Grum (D:9)
  2 wargs (Orc:2)
  Duvessa (D:6)
  A water moccasin (D:7)
  5 sky beasts
  A black bear (D:5)
  17 orc warriors
  An ice beast (D:4)
  2 wolves (D:9)
  13 ogres
  4 centaurs
  A phantom (D:5)
  7 bullfrogs (Bailey)
  4 kobold brigands
  A gnoll sergeant (D:8)
  Blork the orc (D:5)
  A scorpion (D:4)
  Dowan (D:6)
  3 killer bees (D:8)
  3 wights
  2 bullfrog zombies
  5 howler monkeys
  3 centaur zombies
  A jelly (D:4)
  3 gnoll shamans
  11 orc priests
  3 centaur skeletons
  6 hounds
  A bullfrog skeleton (D:4)
  2 iguanas (D:5)
  7 orc wizards
  2 hound skeletons
  A howler monkey zombie (D:9)
  A howler monkey skeleton (D:5)
  24 gnolls
  13 adders
  A river rat (Sewer)
  A shadow imp (D:6)
  A white imp (D:5)
  3 worms
  3 dart slugs
  30 orcs
  9 endoplasms
  5 giant cockroaches
  8 hobgoblins
  6 quokkas
  6 ball pythons
  2 bats (D:1)
  5 frilled lizards
  10 goblins
  15 kobolds
  6 rats
282 creatures vanquished.

Vanquished Creatures (others)
  6 fungi (D:7)
  12 plants (D:7)
18 creatures vanquished.

Grand Total: 300 creatures vanquished

Notes
Turn   | Place    | Note
-------+----------+-------------------------------------------
     0 | D:1      | drugrobin the Demigod Warper began the quest for the Orb.
     0 | D:1      | Reached XP level 1. HP: 17/17 MP: 5/5
    36 | D:1      | Reached skill level 2 in Polearms
   642 | D:1      | Reached XP level 2. HP: 12/24 MP: 7/7
   656 | D:1      | Learned a level 2 spell: Blink
  1049 | D:1      | Reached skill level 3 in Polearms
  1631 | D:2      | Reached XP level 3. HP: 24/29 MP: 8/8
  2645 | D:2      | Reached skill level 4 in Polearms
  3141 | D:3      | Reached XP level 4. HP: 24/36 MP: 9/9
  4156 | D:3      | Identified the +2 helmet of a sewer {Str+6}
  4520 | D:4      | Reached skill level 5 in Polearms
  4520 | D:4      | Reached XP level 5. HP: 22/41 MP: 10/10
  4543 | D:4      | Learned a level 1 spell: Apportation
  4547 | D:4      | Learned a level 3 spell: Teleport Other
  4788 | D:4      | Noticed an ice beast
  4796 | D:4      | Found a staircase to the Ecumenical Temple.
  5401 | D:4      | Reached skill level 6 in Polearms
  5439 | D:4      | Noticed an ogre
  5461 | D:4      | Reached XP level 6. HP: 42/48 MP: 11/11
  6004 | D:5      | Entered Level 5 of the Dungeon
  6024 | D:5      | Reached skill level 7 in Polearms
  6244 | D:4      | Learned a level 2 spell: Wereblood
  6352 | D:4      | Reached XP level 7. HP: 24/53 MP: 10/12
  6885 | D:5      | Reached skill level 8 in Polearms
  7297 | D:5      | Noticed Blork the orc
  7308 | D:5      | Killed Blork the orc
  7348 | D:5      | Reached skill level 9 in Polearms
  7655 | D:6      | Noticed a two-headed ogre
  7689 | D:6      | Killed a two-headed ogre
  7690 | D:6      | Reached skill level 10 in Polearms
  7690 | D:6      | Reached XP level 8. HP: 28/60 MP: 13/13
  7710 | D:6      | Noticed Duvessa
  7710 | D:6      | Noticed Dowan
  7953 | D:6      | Found a glowing drain.
  7975 | Sewer    | Entered a sewer
  8310 | Sewer    | Reached skill level 11 in Polearms
  8555 | D:6      | Killed Dowan
  8702 | D:6      | Noticed Eustachio
  8871 | D:6      | Killed Eustachio
  8872 | D:6      | Reached XP level 9. HP: 63/67 MP: 14/14
  8982 | D:6      | Killed Duvessa
  9337 | D:5      | Reached skill level 12 in Polearms
  9573 | D:7      | Noticed Joseph
 10507 | D:7      | Killed Joseph
 10508 | D:7      | Reached skill level 13 in Polearms
 11352 | D:7      | Reached XP level 10. HP: 73/73 MP: 15/15
 11883 | D:8      | Found a flagged portal.
 12148 | Bailey   | Entered a bailey
 12166 | Bailey   | Reached skill level 14 in Polearms
 12276 | Bailey   | Noticed a vault guard
 12314 | Bailey   | Killed a vault guard
 12446 | Bailey   | Learned a level 3 spell: Gell's Gravitas
 12500 | Bailey   | Noticed Prince Ribbit
 12505 | Bailey   | Killed Prince Ribbit
 12550 | Bailey   | Noticed a vault guard
 12577 | Bailey   | Killed a vault guard
 12578 | Bailey   | Reached skill level 5 in Translocations
 13049 | D:8      | Reached skill level 5 in Fighting
 13925 | D:9      | Noticed Psyche
 13929 | D:9      | Noticed Grum
 13944 | D:9      | Killed Grum
 14207 | D:9      | Found a staircase to the Orcish Mines.
 14219 | Orc:1    | Entered Level 1 of the Orcish Mines
 14397 | D:9      | Killed Psyche
 14925 | D:9      | Reached XP level 11. HP: 89/89 MP: 14/17
 15621 | Orc:2    | Entered Level 2 of the Orcish Mines
 16271 | Orc:2    | Found a staircase to the Elven Halls.
 16714 | Orc:2    | Noticed an orc knight
 16732 | Orc:2    | Killed an orc knight
 17212 | Orc:2    | Noticed an orc knight
 17231 | Orc:2    | Noticed an orc high priest
 17264 | Orc:2    | Noticed a sixfirhy
 17264 | Orc:2    | Killed an orc knight
 17267 | Orc:1    | Slain by a cyclops

Illustrated notes

Levels and vault maps discovered:
D:1:      giann_bridges, layout_basic
D:2:      mumra_celtic_spiral_tile, layout_loops_corners, skrybe_limestone_x
D:3:      layout_loops_corners, shapermc_ecumenical_altar_totnotflames,
          minivault_23, chequers_hall_statues_y
D:4:      layout_gridville, minmay_temple_entry_stoned_glass
D:5:      layout_basic, hex_tiny, uniq_blork_the_orc
D:6:      layout_basic, enter_ossuary_3, gup_sewer_entry_pipe,
          nicolae_fountain_basement, uniq_eustachio, uniq_duvessa
D:7:      kennysheep_seaside_town, layout_basic, nicolae_overflow_hidden_temple,
          uniq_joseph
D:8:      layout_loops_ring, enter_bailey_2
D:9:      layout_basic, david_orc_3, serial_rivers,
          chequers_serial_rivers_micro_b, chequers_serial_rivers_large_a,
          chequers_serial_rivers_micro_e, chequers_serial_rivers_small_b,
          uniq_psyche, uniq_grum
Orc:1:    layout_caves, uniq_harold
Orc:2:    st_orc_elflike, layout_caves, mines1_david

Skill      XL: |  1  2  3  4  5  6  7  8  9 10 11 |
---------------+----------------------------------+-----
Polearms       | 2 3 4 5 6 7 10 11 13 14 | 14.0
Fighting       | 5 6 |  6.9
Translocations | 6 7 |  7.1
Dodging        | 3 |  3.3
Throwing       | |  0.8
Armour         | |  0.8
Spellcasting   | |  1.7

Action                   |  1- 3 |  4- 6 |  7- 9 | 10-12 || total
-------------------------+-------+-------+-------+-------++-------
Melee: Spear             |   153 |   157 |       |       ||   310
       Dagger            |    59 |       |       |       ||    59
       Punch             |     2 |     4 |     5 |     5 ||    16
       Trident           |       |    43 |   395 |   275 ||   713
       Halberd           |       |       |     1 |   120 ||   121
 Fire: Hunting sling     |       |    24 |    30 |    18 ||    72
Throw: Stone             |     6 |    17 |       |     1 ||    24
       Throwing net      |     1 |       |     4 |       ||     5
       Dart              |       |       |     6 |    28 ||    34
       Boomerang         |       |       |       |    14 ||    14
 Cast: Teleport Other    |       |     2 |     1 |     3 ||     6
       Blink             |       |     3 |    10 |     3 ||    16
       Wereblood         |       |       |     1 |     1 ||     2
       Apportation       |       |       |     2 |     5 ||     7
       Gell's Gravitas   |       |       |       |    15 ||    15
Evoke: Wand              |       |       |    10 |     8 ||    18
  Use: Scroll            |       |     4 |     6 |     4 ||    14
       Potion            |       |       |     4 |       ||     4
 Stab: Held in net/web   |       |       |     2 |       ||     2
       Sleeping          |       |       |     2 |       ||     2
       Distracted        |       |       |     1 |       ||     1
Armor: Leather armour    |    50 |    54 |    85 |    22 ||   211
       Skin              |       |       |       |     1 ||     1
Dodge: Dodged            |    85 |    85 |   210 |   170 ||   550

Table legend: (Time is in decaauts)
 A = Elapsed time spent in this place.
 B = Non-inter-level travel time spent in this place.
 C = Inter-level travel time spent in this place.
 D = Time resting spent in this place.
 E = Time spent auto-exploring this place.
 F = Levels seen in this place.
 G = Mean time per level.
                   A        B        C        D        E       F      G
               +--------+--------+--------+--------+--------+-----+--------+
         Total |  17097 |  16062 |   1035 |   5304 |   7443 |  13 | 1315.2 |
       Dungeon |  14180 |  13186 |    994 |   4485 |   6259 |   9 | 1575.6 |
  Orcish Mines |   1630 |   1589 |     41 |    471 |    690 |   2 |  815.0 |
         Sewer |    633 |    633 |      0 |      0 |    371 |   1 |  633.0 |
        Bailey |    653 |    653 |      0 |    348 |    122 |   1 |  653.0 |
               +--------+--------+--------+--------+--------+-----+--------+

Top non-repeatable levels by time:
     D:4: 2052 daAuts
     D:9: 1780 daAuts
     D:2: 1641 daAuts
     D:7: 1633 daAuts
     D:5: 1585 daAuts
     D:6: 1501 daAuts
     D:1: 1428 daAuts
     D:3: 1419 daAuts
   Orc:2: 1277 daAuts
     D:8: 1138 daAuts
  Bailey: 653 daAuts
   Sewer: 633 daAuts
   Orc:1: 352 daAuts
